 Dungeon Crawl Stone Soup version 0.26-a0-1222-g14533b3512 (webtiles) character file.

Game seed: 12014438896357299282

241 tilp the Skirmisher (level 6, 0/67 HPs)
             Began as an Ogre Abyssal Knight on Dec 31, 2020.
             Was a Believer of Lugonu.
             Slain by a worker ant (4 damage)
             ... on level 4 of the Dungeon.
             The game lasted 00:06:28 (5517 turns).

tilp the Skirmisher (Ogre Abyssal Knight)           Turns: 5517, Time: 00:06:29

Health: 0/67       AC:  5    Str: 17    XL:     6   Next: 8%
Magic:  6/7        EV: 10    Int: 15    God:    Lugonu [**....]
Gold:   179        SH:  0    Dex:  8    Spells: 5/5 levels left

rFire    + . .     SeeInvis .   l - -1 mace (curse)
rCold    + . .     Faith    .   (no shield)
rNeg     . . .     Spirit   .   c - +2 robe {rC+ rF+}
rPois    .         Reflect  .   (helmet restricted)
rElec    .         Harm     .   (no cloak)
rCorr    .         Rampage  .   (gloves unavailable)
Will     .....     Rnd*Tele +   (boots unavailable)
Stlth    ++........             (no amulet)
HPRegen  0.21/turn              f - ring of teleportation (curse)
MPRegen  0.10/turn              j - ring of stealth

@: no status effects
A: large, unfitting armour, tough skin 1
a: Renounce Religion, Depart the Abyss, Bend Space


You were on level 4 of the Dungeon.
You worshipped Lugonu.
Lugonu was pleased with you.
You visited 1 branch of the dungeon, and saw 4 of its levels.
You visited the Abyss 1 time.

You collected 179 gold pieces.

Inventory:

Hand Weapons
 a - a +2 mace
 l - a cursed -1 mace (weapon)
Missiles
 h - 122 stones (quivered)
Armour
 c - a +2 robe of resistance (worn)
Jewellery
 f - a cursed ring of teleportation (left hand)
 j - a ring of stealth (right hand)
 n - an uncursed ring of wizardry {unknown}
Scrolls
 b - a scroll of fear
 m - 2 scrolls of teleportation
Potions
 d - a potion of flight {unknown}
 e - a potion of magic
 g - a potion of brilliance {unknown}
 i - a potion of heal wounds {unknown}
 k - a potion of invisibility


   Skills:
 - Level 6.0 Fighting
 + Level 4.7 Maces & Flails
 - Level 2.1 Dodging
 - Level 2.0 Invocations


You had 5 spell levels left.
You didn't know any spells.
Your spell library was empty.

Dungeon Overview and Level Annotations

Branches:
Dungeon (4/15)
 Temple: D:4-7

Altars:
Fedhas
Okawaru
Xom


Innate Abilities, Weirdness & Mutations

You are too large for most types of armour.
You have tough skin. (AC +1)


Message History

You hit the ogre.
The ogre is moderately wounded.
The ogre hits you with a +0 giant club!!
* * * LOW HITPOINT WARNING * * *
You sock the ogre!
The ogre is severely wounded.
Space bends around you!
You blink.
Press: ? - help, v - describe, . - travel
Here: an ogre, wielding a +0 giant club (severely wounded)
The floor, spattered with blood.
You aren't carrying any items that you can evoke.
Space bends around you!
You blink.
Found 16 gold pieces.
A worker ant comes into view.
You see here a stone.
The ogre misses you. The worker ant bites you.
You die...

#.# .. +.# ... #.######...
##....#..... ##.#.#...#..$
##............
##.#O##(((.(...
#+##...[B..####...
#......@...# #.##
#.........#######...
#######.........#..#
##.#..........# .
#.............##.#
######.#..............#
###......#......†........
##...#............<......#
#......####..........###..


You could see an ogre and a worker ant.

Vanquished Creatures
  An orc priest (D:3)
  2 orc wizards
  Jessica (D:2)
  4 adders
  A gnoll (D:1)
  3 worms (D:3)
  2 dart slugs
  A leopard gecko (D:1)
  8 orcs
  7 bats
  2 giant cockroaches (D:2)
  5 goblins
  2 hobgoblins
  9 jackals
  A quokka (D:3)
  6 frilled lizards
  8 kobolds
  9 rats
72 creatures vanquished.

Notes
Turn   | Place    | Note
-------+----------+-------------------------------------------
     0 | Abyss:1  | tilp the Ogre Abyssal Knight began the quest for the Orb.
     0 | Abyss:1  | Reached XP level 1. HP: 24/24 MP: 2/2
    52 | Abyss:1  | Noticed an eye of draining
    52 | Abyss:1  | Noticed a queen bee
    52 | Abyss:1  | an eye of draining changed into a queen bee
    55 | Abyss:1  | Noticed a starcursed mass
    57 | D:1      | Escaped the Abyss
   146 | D:1      | Found a shimmering altar of Xom.
   369 | D:1      | Reached * piety under Lugonu
   370 | D:1      | Reached XP level 2. HP: 11/33 MP: 3/3
  1016 | D:1      | Reached XP level 3. HP: 41/41 MP: 4/4
  1257 | D:2      | Reached skill level 5 in Fighting
  1433 | D:2      | Found an iron altar of Okawaru.
  1883 | D:2      | Noticed Jessica
  1892 | D:2      | Killed Jessica
  1893 | D:2      | Reached XP level 4. HP: 46/50 MP: 5/5
  2154 | D:2      | Found a blossoming altar of Fedhas.
  3523 | D:3      | Reached XP level 5. HP: 59/59 MP: 6/6
  3529 | D:3      | Reached ** piety under Lugonu
  3948 | D:2      | Reached skill level 6 in Fighting
  4622 | D:3      | Reached XP level 6. HP: 34/67 MP: 7/7
  4974 | D:3      | Found a faded altar of an unknown god.
  5517 | D:4      | Slain by a worker ant

Illustrated notes

Levels and vault maps discovered:
D:1:      ebering_hopf_link, layout_loops_ring, xom_teletrap_fun
D:2:      layout_loops_ring, lemuel_coloured_pillars_altar,
          kennysheep_okawaru_gauntlet, minmay_bisected, uniq_jessica
D:3:      layout_basic, chequers_ecumenical_altar_grove,
          chequers_serial_rivers_large_b
D:4:      layout_rooms, overflow_temple_1_default, chequers_decorated_corner,
          dk_noncrumbling_3

Skill      XL: |  1  2  3  4  5 |
---------------+----------------+-----
Maces & Flails | 2 3 4 |  4.7
Fighting       | 5 6 |  6.0
Dodging        | |  2.1
Invocations    | |  2.0

Action                   |  1- 3 |  4- 6 || total
-------------------------+-------+-------++-------
Melee: Mace              |   123 |   246 ||   369
Throw: Dart              |       |     5 ||     5
       Stone             |       |    11 ||    11
Invok: Depart the Abyss  |     1 |       ||     1
       Bend Space        |       |     2 ||     2
  Use: Scroll            |     7 |     3 ||    10
       Potion            |       |     3 ||     3
 Stab: Sleeping          |     2 |     3 ||     5
Armor: Robe              |    29 |    90 ||   119
       Skin              |       |    13 ||    13
Dodge: Dodged            |    88 |   148 ||   236

Table legend: (Time is in decaauts)
 A = Elapsed time spent in this place.
 B = Non-inter-level travel time spent in this place.
 C = Inter-level travel time spent in this place.
 D = Time resting spent in this place.
 E = Time spent auto-exploring this place.
 F = Levels seen in this place.
 G = Mean time per level.
                   A        B        C        D        E       F      G
               +--------+--------+--------+--------+--------+-----+--------+
         Total |   5642 |   5502 |    140 |   2102 |   2464 |   5 | 1128.4 |
       Dungeon |   5585 |   5445 |    140 |   2102 |   2413 |   4 | 1396.2 |
         Abyss |     57 |     57 |      0 |      0 |     51 |   1 |   57.0 |
               +--------+--------+--------+--------+--------+-----+--------+

Top non-repeatable levels by time:
     D:2: 2362 daAuts
     D:3: 1980 daAuts
     D:1: 1127 daAuts
     D:4: 115 daAuts
 Abyss:1: 57 daAuts
